 Dungeon Crawl Stone Soup version 0.22-a0-126-g307c7c3 (webtiles) character file.

15 KristoblXynda the Slasher (level 2, -4/39 HPs)
             Began as a Naga Gladiator on Jan 30, 2018.
             Killed from afar by Sigmund (7 damage)
             ... with a puff of flame
             ... on level 2 of the Dungeon.
             The game lasted 00:01:01 (463 turns).

KristoblXynda the Slasher (Naga Gladiator)           Turns: 463, Time: 00:01:02

Health: -4/39      AC: 21    Str: 16    XL:     2   Next: 50%
Magic:  2/2        EV:  1    Int: 13    God:
Gold:   40         SH:  0    Dex: 12    Spells: 1/1 levels left

rFire    . . .     SeeInvis +   a - +0 long sword
rCold    . . .     Gourm    .   (no shield)
rNeg     + + +     Faith    .   (armour currently unavailable)
rPois    +         Spirit   .   (helmet currently unavailable)
rElec    .         Reflect  .   (cloak currently unavailable)
rCorr    .         Harm     .   (gloves currently unavailable)
MR       .....     NoTele   +   (no barding)
Stlth    +.........             (no amulet)
HPRegen  0.13/turn              (no ring)
MPRegen  0.08/turn              (no ring)

@: brilliant, tree-form
A: large, see invisible, slow metabolism 1, spit poison 1, AC +0
a: Spit Poison


You were on level 2 of the Dungeon.
You were not hungry.
You were a tree.
You visited 1 branch of the dungeon, and saw 2 of its levels.

You collected 40 gold pieces.

Inventory:

Hand Weapons
 a - a +0 long sword (weapon)
Missiles
 d - 3 throwing nets (quivered)
Armour
 b - a +0 leather armour (melded)
 c - a +0 helmet (melded)
Scrolls
 g - 2 scrolls of teleportation {unknown}
 h - a scroll of remove curse {unknown}
 i - a scroll of blinking {unknown}
Comestibles
 f - a ration


   Skills:
 - Level 2.0 Fighting
 + Level 3.2 Long Blades
 + Level 2.1 Throwing
 + Level 2.6 Dodging


You had one spell level left.
You didn't know any spells.

Dungeon Overview and Level Annotations

Branches:
Dungeon (1/15)

Altars:

Annotations:
D:2 Sigmund


Innate Abilities, Weirdness & Mutations

You cannot wear boots.
((Your serpentine skin is tough. (AC +0)))
You have supernaturally acute eyesight. (SInv)
((Armour fits poorly on your strangely shaped body.))
((Your system is resistant to poisons. (rPois)))
((You cover ground very slowly.))
You have a slow metabolism.
You can spit poison.


Message History

You cannot move. (Use ctrl+direction to attack without moving.)
You cannot move. (Use ctrl+direction to attack without moving.)
You cannot move. (Use ctrl+direction to attack without moving.)
The leopard gecko bites you but does no damage.
Sigmund hits you but does no damage.
You cannot move. (Use ctrl+direction to attack without moving.)
You cannot move. (Use ctrl+direction to attack without moving.)
You cannot move. (Use ctrl+direction to attack without moving.) Unknown command.
You feel less confused.
The leopard gecko bites you but does no damage.
The leopard gecko bites you but does no damage.
Sigmund's eyes start glowing with a red light.
Sigmund zaps a wand.
You closely miss Sigmund.
Sigmund is moderately wounded.
The leopard gecko bites you but does no damage.
Sigmund points at you and mumbles some strange words.
The puff of flame hits you!
You die...

#.....l...#
#.........#
#.........+
###.........# #...†..#
#.# #....@.# #.#
#......# #.# #......#
#l##########
#......####@♣...)....+
#......'....##########
#......###### #......#
#......# ########


You could see Sigmund (invisible) and a leopard gecko.

Vanquished Creatures
  A leopard gecko (D:1)
  A giant cockroach (D:1)
  2 goblins
  A hobgoblin (D:1)
  2 jackals (D:1)
  2 kobolds (D:1)
  2 bats
  A rat (D:1)
12 creatures vanquished.

Notes
Turn   | Place    | Note
-------+----------+-------------------------------------------
     0 | D:1      | KristoblXynda the Naga Gladiator began the quest for the Orb.
     0 | D:1      | Reached XP level 1. HP: 19/19 MP: 1/1
    64 | D:1      | Reached XP level 2. HP: 25/26 MP: 2/2
   421 | D:1      | You fall through a shaft!
   425 | D:2      | Noticed Sigmund
   463 | D:2      | Killed from afar by Sigmund

Vault maps used:
D:1:      sevenhm_arrival_forest_fort_small_4
D:2:      lemuel_crystal_altar, marbit_many_paths, uniq_crazy_yiuf_cottage,
          uniq_sigmund

Skill      XL: |  1 |
---------------+----+-----
Throwing       | 2 |  2.1
Fighting       | |  2.0
Long Blades    | |  3.2
Dodging        | |  2.6

Action                   || total
-------------------------++-------
Melee: Long sword        ||    17
       Unarmed           ||     7
 Abil: Spit Poison       ||     1
  Use: Potion            ||     2
Armor: Leather armour    ||     6
       Skin              ||     9
Dodge: Dodged            ||    17
       Rpst.: Long sword ||     5

Table legend:
 A = Spawn XP
 B = Non-spawn XP
 C = Spawn XP percentage of total XP
 D = Spawn monster count
 E = Non-spawn monster count
 F = Spawn count percentage of total count
 G = Total turns spent on level
                    A         B        C        D         E        F      G
               +---------+---------+-------+---------+---------+-------+---------
         Total |       0 |      22 |   0.0 |       0 |      12 |   0.0 |   463
               +---------+---------+-------+---------+---------+-------+---------
           D:1 |       0 |      19 |   0.0 |       0 |      10 |   0.0 |   421
           D:2 |       0 |       3 |   0.0 |       0 |       2 |   0.0 |    42
               +---------+---------+-------+---------+---------+-------+---------
